[Event "Late-Titled-Tuesday-Blitz-August-29-2023"]
[Site "Chess.com"]
[Date "2023.08.29"]
[Round "9"]
[White "Eternauta2400"]
[Black "ArmanGhevondyanchess"]
[Result "0-1"]
[WhiteElo "2811"]
[BlackElo "2385"]
[TimeControl "180+1"]
[EndTime "15:40:45 PDT"]
[Termination "ArmanGhevondyanchess won by resignation"]

1. c4 Nf6 2. Nc3 d5 3. cxd5 Nxd5 4. Nf3 g6 5. g3 Bg7 6. Bg2 O-O 7. O-O c5 8. Qc2 Nc6 9. d3 b6 10. Bd2 Bb7 11.
a3 Rc8 12. Rac1 Nd4 13. Qd1 Nxc3 14. Bxc3 Nxf3+ 15. Bxf3 Bxf3 16. exf3 Qd5 17. Bxg7 Kxg7 18. Qe2 e6 19. Rfd1 Rfd8 20. Rc3 Rc6 21. Qe4 Qd7 22. b4 Qd5 23. Qh4 Qxf3 24. Rd2 Rd5 25. Qc4 Re5 26. Rc1 Rd6 27. Qc3 Rd4 28. bxc5 bxc5 29. Rdd1 h5 30.
h4 g5 31. hxg5 h4 0-1

[Event "Late-Titled-Tuesday-Blitz-August-29-2023"]
[Site "Chess.com"]
[Date "2023.08.29"]
[Round "9"]
[White "Cambek64"]
[Black "DeTimmerman"]
[Result "0-1"]
[WhiteElo "2506"]
[BlackElo "2683"]
[TimeControl "180+1"]
[EndTime "15:40:58 PDT"]
[Termination "DeTimmerman won by resignation"]

1. e4 e5 2. Nf3 Nc6 3. Bc4 Nf6 4.
d3 Be7 5. Nc3 O-O 6. O-O d6 7.
h3 Kh8 8. Nh2 Ng8 9. f4 f5 10.
exf5 Bxf5 11. g4 Bd7 12. f5 Bg5 13. Ne4 Bxc1 14. Rxc1 Qh4 15. Kg2 Qd8 16. Nf3 Nce7 17. Bb3 Bxf5 18. gxf5 Nxf5 19. Qd2 d5 20. Ng3 Nxg3 21.
Kxg3 Qd6 22. Kg2 Ne7 23. Qg5 Ng6 24. Nh4 Nf4+ 25. Kg1 Nxh3+ 0-1

[Event "Late-Titled-Tuesday-Blitz-August-29-2023"]
[Site "Chess.com"]
[Date "2023.08.29"]
[Round "9"]
[White "JoshuaGK27"]
[Black "Fleetw00dMac"]
[Result "1-0"]
[WhiteElo "2420"]
[BlackElo "2454"]
[TimeControl "180+1"]
[EndTime "15:40:58 PDT"]
[Termination "JoshuaGK27 won by resignation"]

1. Nf3 Nf6 2. b3 g6 3. Bb2 Bg7 4. g3 O-O 5. Bg2 d6 6. O-O e5 7. d3 Nc6 8. c4 Re8 9. Nc3 e4 10.
dxe4 Nxe4 11. Qc1 Nc5 12. Re1 Bf5 13. Nd5 Be4 14. Bxg7 Kxg7 15. Qb2+ f6 16. Rad1 a5 17. h4 Bxd5 18. Rxd5 Ne5 19. h5 Qe7 20. Rdd1 Nxf3+ 21. Bxf3 Qe5 22. Qc2 gxh5 23. Kg2 h4 24. Rh1 Qg5 25.
Rxh4 Rh8 26. Rg4 1-0

[Event "Late-Titled-Tuesday-Blitz-August-29-2023"]
[Site "Chess.com"]
[Date "2023.08.29"]
[Round "9"]
[White "MBA_CHESS_2021"]
[Black "HajiyevKanan"]
[Result "0-1"]
[WhiteElo "2291"]
[BlackElo "2463"]
[TimeControl "180+1"]
[EndTime "15:41:01 PDT"]
[Termination "HajiyevKanan won on time"]

1. e4 c6 2. d4 d5 3. exd5 cxd5 4. Nf3 Nc6 5. Bd3 Bg4 6. c3 e6 7. Nbd2 Bd6 8. Qb3 Qc7 9. h3 Bh5 10. O-O Nf6 11. Re1 O-O 12. a4 Rfc8 13. Qa2 Rab8 14. b4 a5 15. b5 Ne7 16. Bb2 Bg6 17. Bf1 Nf5 18. Rac1 Bf4 19. Ba3 Ne4 20. c4 Nxd2 21.
Nxd2 Nxd4 22. cxd5 Nc2 23. d6 Qc3 24. d7 Rd8 25. Rxc2 Qxc2 26. Qxc2 Bxc2 27. Nc4 Rxd7 28. g3 Bd2 29. Re2 Rbd8 30. Ne5 Rd5 0-1

[Event "Late-Titled-Tuesday-Blitz-August-29-2023"]
[Site "Chess.com"]
[Date "2023.08.29"]
[Round "9"]
[White "nassimzrikem"]
[Black "Onthequiet"]
[Result "0-1"]
[WhiteElo "2160"]
[BlackElo "2368"]
[TimeControl "180+1"]
[EndTime "15:41:04 PDT"]
[Termination "Onthequiet won by resignation"]

1. e4 c6 2. Nc3 d5 3. Qf3 dxe4 4. Nxe4 Nf6 5. Bc4 Nbd7 6. d4 e6 7. c3 Be7 8. Ne2 O-O 9. N2g3 Re8 10. O-O Nf8 11.
Bg5 Ng6 12. Nxf6+ Bxf6 13. Bxf6 Qxf6 14. Qxf6 gxf6 15. Nh5 Rd8 16. Nxf6+ Kg7 17. Nh5+ Kh6 18. Ng3 Nf4 19. Rae1 b5 20. Bb3 a5 21. Re4 Ng6 22.
f4 a4 23. Bc2 f5 24. Re3 Ne7 25. Rfe1 Nd5 26. Rxe6+ Bxe6 27. Rxe6+ Kg7 28. Nxf5+ Kh8 29. g3 a3 30. bxa3 Nxc3 31. Rxc6 Rxa3 32. Rc7 Ne2+ 33. Kf1 Rc3 34. Nh6 Rxc7 35. Kxe2 Rxc2+ 36. Kd3 Rc7 0-1

[Event "Late-Titled-Tuesday-Blitz-August-29-2023"]
[Site "Chess.com"]
[Date "2023.08.29"]
[Round "9"]
[White "IngOscarArdila"]
[Black "aqibjbutt"]
[Result "1-0"]
[WhiteElo "2305"]
[BlackElo "2008"]
[TimeControl "180+1"]
[EndTime "15:41:07 PDT"]
[Termination "IngOscarArdila won by checkmate"]

1. d4 d5 2. c4 Nf6 3. Nc3 c6 4.
Nf3 dxc4 5. Bf4 Bf5 6. e3 e6 7. Bxc4 Be7 8. O-O O-O 9. Qe2 Ne4 10. Ne5 Nd7 11. f3 Nxc3 12. bxc3 Nxe5 13. Bxe5 Bd6 14. Bxd6 Qxd6 15. e4 Bg6 16. Rfd1 Qa3 17. Rac1 b5 18.
Bb3 a5 19. Qd2 a4 20. Bc2 c5 21. Bb1 Rfd8 22. h4 b4 23. Qe3 Rxd4 24. Rxd4 cxd4 25. Qd2 dxc3 26. Qe1 Rd8 27. h5 Bxh5 28. Kh2 Qb2 29. Qh4 Bg6 30. Qxd8# 1-0

[Event "Late-Titled-Tuesday-Blitz-August-29-2023"]
[Site "Chess.com"]
[Date "2023.08.29"]
[Round "9"]
[White "b_6"]
[Black "eldur16"]
[Result "0-1"]
[WhiteElo "2471"]
[BlackElo "2620"]
[TimeControl "180+1"]
[EndTime "15:41:08 PDT"]
[Termination "eldur16 won by resignation"]

1. Nf3 Nf6 2. g3 b5 3. Na3 a6 4. c4 b4 5. Nc2 e6 6. d4 Bb7 7. Bg2 c5 8. d5 exd5 9. Nh4 g6 10. O-O Bg7 11. cxd5 d6 12. Ne3 O-O 13. Nc4 a5 14. Bf4 Ne8 15. Nf3 Ba6 16. Nfd2 g5 17. Be3 f5 18. f4 g4 19. Bf2 Nd7 20. Rc1 Nb6 21.
b3 Nxc4 22. Nxc4 Nf6 23. Re1 Re8 24. Qc2 Bxc4 25. Qxc4 Ne4 26. Bxe4 Rxe4 27. Qb5 Qe8 28. Qxe8+ Raxe8 29. Kf1 Bc3 0-1

[Event "Late-Titled-Tuesday-Blitz-August-29-2023"]
[Site "Chess.com"]
[Date "2023.08.29"]
[Round "9"]
[White "jinxy2009"]
[Black "bazar-wokzal"]
[Result "0-1"]
[WhiteElo "2344"]
[BlackElo "2551"]
[TimeControl "180+1"]
[EndTime "15:41:08 PDT"]
[Termination "bazar-wokzal won by resignation"]

1. e4 c5 2. Nf3 d6 3. d4 cxd4 4. Nxd4 Nf6 5. Nc3 g6 6. Be3 a6 7.
f3 Nbd7 8. Be2 Qc7 9. O-O b5 10.
a4 b4 11. Nd5 Nxd5 12. exd5 Bb7 13. Nb3 Nf6 14. Bd4 Bg7 15. c4 bxc3 16. bxc3 O-O 17. c4 a5 18. Qd2 Rfc8 19. Rfc1 Nd7 20. Bxg7 Kxg7 21. Qd4+ Kg8 22. Rab1 Ba6 23. h4 Nc5 24. Nxc5 Qxc5 25. Qxc5 Rxc5 26. Rb6 Kf8 27. Kf2 Ke8 28. Ke3 Kd7 29. Kd4 Kc7 30. Rcb1 e5+ 31.
dxe6 fxe6 32. f4 Bc8 33. Bf3 Ra7 34. Rc6+ Rxc6 35. Bxc6 Kxc6 36. Rb5 Bd7 37. g4 Kc7 38. Rb2 Bxa4 39. c5 dxc5+ 40. Kxc5 Bc6 41. f5 exf5 42.
gxf5 gxf5 43. Rg2 a4 44. Rg7+ Bd7 45. Rg2 a3 46. Ra2 Be6 47. Kb4 Bxa2 0-1

[Event "Late-Titled-Tuesday-Blitz-August-29-2023"]
[Site "Chess.com"]
[Date "2023.08.29"]
[Round "9"]
[White "dennisodessa"]
[Black "ExchangeAB"]
[Result "0-1"]
[WhiteElo "2526"]
[BlackElo "2450"]
[TimeControl "180+1"]
[EndTime "15:41:09 PDT"]
[Termination "ExchangeAB won by resignation"]

1. d4 d5 2. c4 c6 3. Nf3 Nf6 4.
Nbd2 Bf5 5. Nh4 Be6 6. e3 g6 7.
b3 Bg7 8. Bb2 O-O 9. Rc1 a5 10.
Bd3 Na6 11. O-O Nb4 12. Bb1 Bg4 13. Nhf3 Re8 14. h3 Bf5 15. a3 Bxb1 16. Rxb1 Na6 17. Qe2 e6 18. Rfd1 Nb8 19. e4 dxe4 20. Nxe4 Nxe4 21.
Qxe4 Nd7 22. Bc3 Nf6 23. Qh4 Nh5 24. Qxd8 Rexd8 25. g3 Nf6 26. Kf1 Ne4 27. Bb2 b5 28.
Re1 Nd6 29. Ne5 Bxe5 30. dxe5 Nf5 31. g4 Nd4 32. Bc3 Nc2 33. Rec1 Nxa3 34. Ra1 b4 35. Bb2 Rd3 36. Bxa3 bxa3 37. Rxa3 Rxh3 38. Rca1 Rb8 39. Rxa5 Rbxb3 40. Rc5 Rh1+ 0-1

[Event "Late-Titled-Tuesday-Blitz-August-29-2023"]
[Site "Chess.com"]
[Date "2023.08.29"]
[Round "9"]
[White "ckgchess"]
[Black "BlackBoarder"]
[Result "1-0"]
[WhiteElo "2886"]
[BlackElo "2740"]
[TimeControl "180+1"]
[EndTime "15:41:11 PDT"]
[Termination "ckgchess won by resignation"]

1. e4 e6 2. d4 d5 3. Nc3 Bb4 4. e5 Ne7 5. a3 Bxc3+ 6. bxc3 c5 7. Qg4 O-O 8. Bd3 f5 9. exf6 Rxf6 10. Bg5 Rf7 11. Nf3 e5 12. Bxh7+ Kxh7 13. Qh4+ Kg8 14. Nxe5 Nbc6 15. Qh8+ Kxh8 16. Nxf7+ Kg8 17. Nxd8 cxd4 18. Nxc6 Nxc6 19. cxd4 Nxd4 20. O-O-O Nb5 21. Rxd5 Nxa3 22. Rd8+ Kf7 23. Re1 Nc4 24. Re7+ Kg6 25. Rc7 Nb6 26. Be3 Bf5 27. Rxa8 Nxa8 28. Rxb7 Be4 29. Rxa7 Bxg2 30. Bd4 Kf5 31. Rxg7 Be4 32. c3 Ke6 33. Kd2 1-0

[Event "Late-Titled-Tuesday-Blitz-August-29-2023"]
[Site "Chess.com"]
[Date "2023.08.29"]
[Round "9"]
[White "C_K_G"]
[Black "SEBAZZANO"]
[Result "1-0"]
[WhiteElo "2014"]
[BlackElo "2211"]
[TimeControl "180+1"]
[EndTime "15:41:14 PDT"]
[Termination "C_K_G won on time"]

1. e4 e6 2. Nf3 d5 3. Nc3 dxe4 4. Nxe4 Bd7 5. d4 Bc6 6. Ng3 Nd7 7. Bd3 Ngf6 8. O-O Bd6 9. Re1 O-O 10. Ne5 Bxe5 11.
dxe5 Nd5 12. Qh5 g6 13. Qh6 Qe7 14. Bg5 f6 15. exf6 N5xf6 16. Nh5 gxh5 17. Re3 Qg7 18. Rxe6 Qxh6 19. Bxh6 Rfe8 20. Bc4 Bd5 21. Bxd5 Nxd5 22. Rae1 1-0

[Event "Late-Titled-Tuesday-Blitz-August-29-2023"]
[Site "Chess.com"]
[Date "2023.08.29"]
[Round "9"]
[White "ameetghasi100"]
[Black "Bilan_Danila"]
[Result "1-0"]
[WhiteElo "2650"]
[BlackElo "2481"]
[TimeControl "180+1"]
[EndTime "15:41:18 PDT"]
[Termination "ameetghasi100 won by resignation"]

1. b3 d5 2. Bb2 Nf6 3. e3 c5 4. Nf3 a6 5. c4 Nc6 6. cxd5 Nxd5 7. Bc4 b5 8. Be2 Nf6 9. a4 b4 10. d3 e6 11. Nbd2 Be7 12. Rc1 O-O 13. Rc2 a5 14. O-O Ba6 15. Nc4 Nd5 16. Nfd2 Bf6 17. Bxf6 Qxf6 18.
Ne4 Qe7 19. Qa1 f5 20. Ned2 f4 21. Bf3 fxe3 22. fxe3 Bxc4 23. Nxc4 Rac8 24. Qe1 Nc3 25. Rcf2 Qc7 26. Bg4 Rxf2 27. Bxe6+ Kh8 28. Qxf2 Qe7 29. Bxc8 1-0

[Event "Late-Titled-Tuesday-Blitz-August-29-2023"]
[Site "Chess.com"]
[Date "2023.08.29"]
[Round "9"]
[White "KrokerGuy"]
[Black "Garmendiarov"]
[Result "1-0"]
[WhiteElo "2512"]
[BlackElo "2338"]
[TimeControl "180+1"]
[EndTime "15:41:22 PDT"]
[Termination "KrokerGuy won by resignation"]

1. e4 c5 2. Nf3 d6 3. d4 cxd4 4. Nxd4 Nf6 5. Nc3 a6 6. Bg5 e6 7. f4 Be7 8. Qf3 Qc7 9. O-O-O Nbd7 10. g4 h6 11. Bxf6 Bxf6 12. h4 Nb6 13. g5 Bxd4 14. Rxd4 Qc5 15. Rd2 Bd7 16. Be2 O-O-O 17. Rhd1 Bc6 18.
f5 hxg5 19. hxg5 Qe5 20. Bd3 Rh4 21. Qf2 Qf4 22. Qxb6 Rh2 23. Bxa6 Kd7 24. Bxb7 Bxb7 25. Qxb7+ Ke8 26. fxe6 fxe6 27. Qxg7 d5 28. exd5 Rxd2 29. Rxd2 Qf1+ 30. Rd1 Qf4+ 31. Kb1 exd5 32. Re1+ 1-0

[Event "Late-Titled-Tuesday-Blitz-August-29-2023"]
[Site "Chess.com"]
[Date "2023.08.29"]
[Round "9"]
[White "mc4chess"]
[Black "PNEPaul"]
[Result "1-0"]
[WhiteElo "2628"]
[BlackElo "1889"]
[TimeControl "180+1"]
[EndTime "15:41:23 PDT"]
[Termination "mc4chess won by resignation"]

1. c4 a6 2. Nc3 d6 3. g3 g6 4. Bg2 Bg7 5. Nf3 h6 6. O-O Nd7 7.
d4 e5 8. e4 Ne7 9. Re1 O-O 10.
Be3 Kh7 11. Qc2 c6 12. Rad1 Qe8 13. b4 f5 14. dxe5 Nxe5 15. Nxe5 dxe5 16. Bb6 Be6 17. Na4 Qf7 18. Nc5 Bxc4 19. Rd7 Bxa2 20. Rxe7 Qxe7 21.
Qxa2 f4 22. Rd1 Qf7 23. Qc2 Rfe8 24. Bf1 fxg3 25. hxg3 Qf3 26. Be2 Qa3 27. Qc4 Re7 28. Rd3 Qa1+ 29. Kg2 Rf8 30. Ne6 Rff7 31. Bc5 Qe1 32. Rf3 Rxf3 33. Bxf3 Rf7 34. Ng5+ hxg5 35. Qxf7 1-0

[Event "Late-Titled-Tuesday-Blitz-August-29-2023"]
[Site "Chess.com"]
[Date "2023.08.29"]
[Round "9"]
[White "MaxLeto"]
[Black "PawnEatingZombie"]
[Result "1-0"]
[WhiteElo "2393"]
[BlackElo "2089"]
[TimeControl "180+1"]
[EndTime "15:41:26 PDT"]
[Termination "MaxLeto won on time"]

1. g4 e5 2. Bg2 Ne7 3. d4 exd4 4. Qxd4 Nbc6 5. Qa4 Ng6 6. g5 Bc5 7. Nf3 d6 8. h4 Bd7 9. c3 h5 10. Qb3 Bb6 11. Na3 Qe7 12. Nc4 O-O 13. Nxb6 axb6 14. Be3 Rfe8 15. Qc2 Be6 16. Nd4 Nxd4 17. cxd4 d5 18.
Bf3 Qb4+ 19. Kf1 c5 20. a3 Qb5 21. Bxh5 cxd4 22. Bxd4 Nf4 23. Bf3 Rac8 24. Qd2 Ng6 25. h5 Ne7 26. h6 Nf5 27. hxg7 1-0

[Event "Late-Titled-Tuesday-Blitz-August-29-2023"]
[Site "Chess.com"]
[Date "2023.08.29"]
[Round "9"]
[White "ShiroglanTalibov"]
[Black "Fandorine"]
[Result "0-1"]
[WhiteElo "2854"]
[BlackElo "2933"]
[TimeControl "180+1"]
[EndTime "15:41:30 PDT"]
[Termination "Fandorine won by resignation"]

1. e4 c5 2. Nf3 e6 3. d4 cxd4 4.
Nxd4 Nc6 5. Nc3 Qc7 6. f4 a6 7. Nxc6 Qxc6 8. Bd3 b5 9. Qe2 Bb7 10. Bd2 Bc5 11. Nd5 Qd6 12. O-O-O exd5 13. exd5+ Ne7 14.
Rhe1 Qxd5 15. Bc3 O-O-O 16. Bxb5 Qxa2 17. b4 Bxb4 18. Bxb4 Qa1+ 19. Kd2 Qd4+ 20. Kc1 Qxb4 21. Bxa6 Qa3+ 22. Kd2 Bxa6 0-1

[Event "Late-Titled-Tuesday-Blitz-August-29-2023"]
[Site "Chess.com"]
[Date "2023.08.29"]
[Round "9"]
[White "jcmesafischer"]
[Black "Ramosha"]
[Result "0-1"]
[WhiteElo "2476"]
[BlackElo "2645"]
[TimeControl "180+1"]
[EndTime "15:41:31 PDT"]
[Termination "Ramosha won by checkmate"]

1. Nf3 Nf6 2. g3 d5 3. Bg2 g6 4. O-O Bg7 5. d3 O-O 6. c3 c5 7.
Nbd2 Bf5 8. Re1 Nc6 9. Qb3 Qb6 10. e4 Qxb3 11. Nxb3 dxe4 12. dxe4 Nxe4 13. Nh4 c4 14. Nxf5 gxf5 15. Be3 cxb3 16. axb3 a6 17. g4 Nd6 18. Bc5 Rfe8 19. h3 fxg4 20. hxg4 Rac8 21. b4 Nc4 22. Re2 e6 23. f4 b6 24. Bxc6 Rxc6 25. Rxa6 Rec8 26. Bf2 b5 27. Ra7 R6c7 28. Ra6 h6 29.
Kg2 Rd7 30. Be1 Rcd8 31. f5 exf5 32. gxf5 Rd6 33. Ra7 Bf6 34. Rb7 Rd5 35. b3 Nd6 36. Rb6 Rxf5 37. Bg3 Nc8 38. Rc6 Ne7 39. Rxf6 Rxf6 40. Rxe7 Rd2+ 41. Kh3 Rd3 42. Kh4 Re6 43. Rc7 Re4+ 44. Kh5 Rxg3 45. Kxh6 Rh4# 0-1

[Event "Late-Titled-Tuesday-Blitz-August-29-2023"]
[Site "Chess.com"]
[Date "2023.08.29"]
[Round "9"]
[White "Giorno"]
[Black "nitpicker"]
[Result "1-0"]
[WhiteElo "2471"]
[BlackElo "2289"]
[TimeControl "180+1"]
[EndTime "15:41:38 PDT"]
[Termination "Giorno won on time"]

1. d4 Nf6 2. Nf3 b6 3. e3 Bb7 4. c4 e6 5. a3 c5 6. Nc3 cxd4 7. exd4 d5 8. cxd5 Nxd5 9. Bb5+ Bc6 10. Qa4 Bxb5 11. Qxb5+ Qd7 12. Qxd7+ Nxd7 13. Nxd5 exd5 14. O-O f6 15. Bf4 Rc8 16. Rac1 Rxc1 17. Rxc1 Kd8 18. Rc7 g5 19. Bg3 a5 20. Ra7 Bg7 21. Bd6 Kc8 22. Kf1 Bf8 23. Ra8+ Kb7 24. Re8 Kc6 25. Bg3 Bg7 26. Re6+ Kb5 27. Re7 1-0

[Event "Late-Titled-Tuesday-Blitz-August-29-2023"]
[Site "Chess.com"]
[Date "2023.08.29"]
[Round "9"]
[White "Cluke86"]
[Black "rikchessmx"]
[Result "1-0"]
[WhiteElo "2294"]
[BlackElo "2427"]
[TimeControl "180+1"]
[EndTime "15:41:39 PDT"]
[Termination "Cluke86 won by resignation"]

1. e4 e5 2. Nf3 Nc6 3. Bc4 Bc5 4. O-O d6 5. c3 Qf6 6. d3 h6 7. Be3 Nge7 8. d4 Bb6 9. a4 a5 10. d5 Nb8 11. Bb5+ Nd7 12. Bxb6 cxb6 13. Nbd2 O-O 14. Nc4 Ng6 15. Nfd2 Nc5 16. Qf3 Nf4 17. b4 axb4 18. cxb4 Nd7 19. Bxd7 Bxd7 20. Nxb6 Rad8 21. Nxd7 Rxd7 22.
Rfc1 Qg5 23. Nc4 f5 24. g3 Nh3+ 25. Kg2 fxe4 26. Qxe4 Nxf2 27. Qh4 Qg6 28. Nb6 Rdf7 29. Rf1 Qc2 30. Kg1 Qe2 31. Rae1 Qd2 32. Nc4 Qc2 33. Ne3 Qb2 34. Ng4 Nxg4 35. Rxf7 Qd4+ 36. Kg2 Qf2+ 37. Rxf2 Rxf2+ 38. Kg1 Rxh2 39. Qxg4 h5 40. Qe6+ Kh7 41. Kxh2 1-0

[Event "Late-Titled-Tuesday-Blitz-August-29-2023"]
[Site "Chess.com"]
[Date "2023.08.29"]
[Round "9"]
[White "NigelDwarf"]
[Black "JoakimVonAnd"]
[Result "0-1"]
[WhiteElo "2550"]
[BlackElo "2737"]
[TimeControl "180+1"]
[EndTime "15:41:43 PDT"]
[Termination "JoakimVonAnd won by resignation"]

1. Nf3 d5 2. c4 e6 3. e3 Nf6 4. b3 c5 5. Bb2 Nc6 6. cxd5 exd5 7. d4 cxd4 8. Nxd4 Bb4+ 9. Bc3 Qa5 10.
Bxb4 Qxb4+ 11. Qd2 Nxd4 12. exd4 Qe7+ 13. Be2 Bg4 14.
O-O Bxe2 15. Re1 O-O 16. Rxe2 Ne4 17. Nc3 Rfd8 18. Qe1 Qf6 19. Nxe4 dxe4 20. Rxe4 h6 21. Rd1 Rd5 22. Re8+ Rxe8 23. Qxe8+ Kh7 24. Qe4+ Qf5 25. Qxf5+ Rxf5 26. d5 Re5 27. d6 Re8 28. f4 Kg6 29. g4 Kf6 30. Kf2 Rd8 31. Ke3 Ke6 32. Ke4 Rxd6 33.
f5+ Kd7 34. Rxd6+ Kxd6 35. h4 f6 36. Kd4 Kc6 37. Kc4 b5+ 38. Kd4 Kd6 39. a4 a6 40. a5 Kc6 41. b4 Kd6 42. Ke4 Kc6 43. Kf4 Kd5 44. g5 hxg5+ 45. hxg5 Kd4 46. g6 Kd5 47. Kf3 Ke5 48. Kg4 Ke4 0-1

[Event "Late-Titled-Tuesday-Blitz-August-29-2023"]
[Site "Chess.com"]
[Date "2023.08.29"]
[Round "9"]
[White "DishonorOnYourCow"]
[Black "PepeCuenca"]
[Result "1-0"]
[WhiteElo "2565"]
[BlackElo "2699"]
[TimeControl "180+1"]
[EndTime "15:41:45 PDT"]
[Termination "DishonorOnYourCow won on time"]

1. d4 Nf6 2. c4 g6 3. Nc3 Bg7 4. e4 d6 5. f4 c5 6. d5 O-O 7. Nf3 e6 8. dxe6 fxe6 9. Bd3 Nc6 10. O-O Nd4 11. Kh1 a6 12. Bd2 Rb8 13. a4 Bd7 14.
Ng5 h6 15. Nh3 e5 16. f5 gxf5 17. exf5 Bc6 18. Nf2 b5 19. axb5 axb5 20. cxb5 Bb7 21. Nfe4 Kh8 22. Nxf6 Rxf6 23. Qh5 Qe8 24. Qxe8+ Rxe8 25. Ra7 Rf7 26. Be4 Ree7 27. f6 Bxf6 28. Rxb7 Rxb7 29. Bxb7 Rxb7 30. Rxf6 Nxb5 31. h4 Nd4 32. Rxh6+ Kg7 33. Rxd6 Rxb2 34. Bg5 Rc2 35. Ne4 c4 36. h5 Nf5 37. Rd7+ Kf8 38. h6 Nxh6 39. Bxh6+ Ke8 40. Rc7 Kd8 41. Rc5 Kd7 42. Rxe5 Kc6 43. Rc5+ Kb6 44. Be3 Ka6 45. Nd6 c3 46. Ne4 1-0

[Event "Late-Titled-Tuesday-Blitz-August-29-2023"]
[Site "Chess.com"]
[Date "2023.08.29"]
[Round "9"]
[White "Jahonas"]
[Black "HamedWafa4"]
[Result "0-1"]
[WhiteElo "2455"]
[BlackElo "2564"]
[TimeControl "180+1"]
[EndTime "15:41:47 PDT"]
[Termination "HamedWafa4 won by resignation"]

1. d4 Nf6 2. Nf3 b6 3. Nbd2 Bb7 4. g3 g6 5. Bg2 Bg7 6. O-O O-O 7. a4 a6 8. b3 Ne4 9. Nxe4 Bxe4 10. c4 c5 11. Bb2 Nc6 12. e3 d5 13. Rc1 cxd4 14. Nxd4 Nxd4 15.
Bxd4 e5 16. Bxe4 dxe4 17. Bc3 Qg5 18. h4 Qf5 19. Qe2 Rad8 20. Rfd1 Rd3 21. Rxd3 exd3 22. e4 dxe2 23. exf5 Rd8 24. Re1 Rd3 25. Bb4 a5 26. fxg6 hxg6 27. Rxe2 axb4 28. Re3 Rxe3 29. fxe3 Bf8 30. e4 Bc5+ 31. Kg2 f5 32. Kf3 Kf7 33. g4 f4 34. Ke2 Ke6 35. Kf3 Kd6 36. Ke2 Kc6 37.
Kf3 Be7 38. h5 gxh5 39. gxh5 Bg5 40. Kg4 Bh6 41. Kf3 Kd7 42. Kg4 Ke6 43. Kf3 Bf8 44. Kg4 Kf6 45. Kh4 Kg7 46. Kg4 Kh6 47. Kh4 Bc5 48.
Kg4 Be7 49. Kf3 Kxh5 0-1

[Event "Late-Titled-Tuesday-Blitz-August-29-2023"]
[Site "Chess.com"]
[Date "2023.08.29"]
[Round "9"]
[White "VladimirKramnik"]
[Black "rasmussvane"]
[Result "1-0"]
[WhiteElo "2962"]
[BlackElo "2973"]
[TimeControl "180+1"]
[EndTime "15:41:51 PDT"]
[Termination "VladimirKramnik won by resignation"]

1. c4 e6 2. Nc3 d5 3. d4 a6 4.
cxd5 exd5 5. Bf4 Nf6 6. e3 Bd6 7. Bg5 c6 8. Bd3 O-O 9. Qc2 h6 10. Bh4 Re8 11. Nf3 Be6 12. O-O Nbd7 13. Rae1 Qc7 14. Kh1 Bg4 15. Nd2 Be6 16. f4 Nf8 17. Bxf6 gxf6 18. Nf3 c5 19. Qf2 f5 20. Qh4 Kg7 21. Qg3+ Ng6 22. Nh4 cxd4 23. Nxd5 Bxd5 24. Nxf5+ Kh8 25. Qh3 Bf8 26. Nxh6 Kg7 27. f5 Rxe3 28. Rxe3 dxe3 29. f6+ Kh7 30. Nxf7+ Kg8 31. Bxg6 1-0

[Event "Late-Titled-Tuesday-Blitz-August-29-2023"]
[Site "Chess.com"]
[Date "2023.08.29"]
[Round "9"]
[White "Quattroporte300"]
[Black "Zq1"]
[Result "0-1"]
[WhiteElo "2404"]
[BlackElo "2526"]
[TimeControl "180+1"]
[EndTime "15:41:54 PDT"]
[Termination "Zq1 won by resignation"]

1. e4 c5 2. Nf3 d6 3. d4 cxd4 4. Nxd4 Nf6 5. Nc3 Nc6 6. f3 Nxd4 7. Qxd4 g6 8. Be3 Bg7 9. Qd2 O-O 10. O-O-O Be6 11. Kb1 Rc8 12. g4 Rxc3 13. bxc3 Qc7 14. g5 Nd7 15. Bd4 Ne5 16. Be2 Rc8 17. Qe3 Bc4 18.
Bxe5 Bxe5 19. Bxc4 Qxc4 20. Rd3 Bxc3 21. Rxc3 Qxc3 22. Qxc3 Rxc3 23. Rf1 Re3 24. Rf2 Re1+ 25. Kb2 Rg1 26. h4 Rh1 27. c4 Rxh4 28. Kc3 Rh1 29.
Rb2 b6 30. Kd4 Rg1 31. f4 Rg3 32. e5 dxe5+ 33. Kxe5 Kg7 34. Re2 Rd3 35. Ke4 Rd6 36. Rc2 f6 37. c5 Rc6 38. Kd5 Rxc5+ 39. Rxc5 bxc5 40. Kxc5 fxg5 41. fxg5 h5 0-1

[Event "Late-Titled-Tuesday-Blitz-August-29-2023"]
[Site "Chess.com"]
[Date "2023.08.29"]
[Round "9"]
[White "vladgoncharov"]
[Black "Zampronha1971"]
[Result "1-0"]
[WhiteElo "2511"]
[BlackElo "2313"]
[TimeControl "180+1"]
[EndTime "15:41:57 PDT"]
[Termination "vladgoncharov won by resignation"]

1. d4 Nf6 2. c4 e6 3. Nc3 Bb4 4.
e3 O-O 5. Bd3 d5 6. Nf3 c5 7. O-O Nc6 8. a3 Bxc3 9. bxc3 dxc4 10.
Bxc4 Qc7 11. Qe2 e5 12. h3 Re8 13. d5 Na5 14. e4 b6 15. Bd3 Nb7 16. c4 Nd6 17. Bg5 Nd7 18. Nd2 f6 19. Be3 Nf8 20.
Kh2 Bd7 21. g3 f5 22. exf5 e4 23. Bc2 Bxf5 24. Rfb1 Nd7 25. Bf4 Nf6 26. g4 Bg6 27. Qe3 Qe7 28. Qg3 Rad8 29. Re1 h6 30. a4 Nf7 31. a5 Ng5 32. axb6 axb6 33. h4 Nf7 34. Nf1 Qd7 35. Ne3 h5 36. Ba4 Nxg4+ 37. Nxg4 Qxg4 38. Bxe8 Qxg3+ 39. Kxg3 Rxe8 40. Ra6 Ne5 41. Bxe5 Rxe5 42. Rxb6 Rf5 43. Re3 Rf8 44. Rc6 1-0

[Event "Late-Titled-Tuesday-Blitz-August-29-2023"]
[Site "Chess.com"]
[Date "2023.08.29"]
[Round "9"]
[White "WindWhistler11"]
[Black "azikom"]
[Result "0-1"]
[WhiteElo "2484"]
[BlackElo "2682"]
[TimeControl "180+1"]
[EndTime "15:41:58 PDT"]
[Termination "azikom won by resignation"]

1. Nf3 c5 2. g3 g6 3. d4 Bg7 4.
dxc5 Qa5+ 5. Bd2 Qxc5 6. Bc3 Nf6 7. Bg2 O-O 8. O-O d6 9. Nbd2 Qh5 10. h4 Nc6 11. e3 Bg4 12. Qe1 Rac8 13. Nh2 Bd7 14.
Bf3 Qb5 15. Nb3 Bh3 16. Bg2 Bxg2 17. Kxg2 Ne5 18. Rd1 Qc6+ 19. Kg1 Ne4 20. Bxe5 Bxe5 21. c3 b5 22. Qe2 h5 23. Nd4 Qb7 24. Nhf3 b4 25.
cxb4 Qxb4 26. Nxe5 dxe5 27. Nf3 f6 28. a3 Qb7 29.
Rd3 Nd6 30. Qd1 Qxb2 31. Rb3 Qc2 32. Qd5+ Kg7 33. Rfb1 Qc4 34. Qa5 Qc6 35. e4 Rc7 36. Nd2 Rfc8 37. Re1 Qc5 38. Qa4 Qc2 39. Qb4 Rb7 40.
Qa4 Qxd2 0-1

[Event "Late-Titled-Tuesday-Blitz-August-29-2023"]
[Site "Chess.com"]
[Date "2023.08.29"]
[Round "9"]
[White "sergoy"]
[Black "artin10862"]
[Result "0-1"]
[WhiteElo "2969"]
[BlackElo "2887"]
[TimeControl "180+1"]
[EndTime "15:42:00 PDT"]
[Termination "artin10862 won by resignation"]

1. d4 Nf6 2. c4 e6 3. Nf3 d5 4. Nc3 c6 5. e3 Nbd7 6. Qc2 Bd6 7. Bd3 dxc4 8. Bxc4 b5 9. Be2 Bb7 10. e4 e5 11. dxe5 Nxe5 12. Nd4 O-O 13. Nf5 b4 14. O-O bxc3 15. Rd1 Ne8 16. Qxc3 Qf6 17. f4 Bc7 18. fxe5 Bxe5 19. Qb4 Rb8 20. Be3 Ba6 21. Qxb8 Bxb8 22. Bxa6 g6 23. Ng3 Qe6 24. Rac1 Nf6 25. Bc4 Qe7 26. b4 Ng4 27. Nf1 Bxh2+ 28. Nxh2 Nxe3 29. Rd4 Qg5 30. Rd2 Nxc4 31. Nf3 Qe3+ 0-1

[Event "Late-Titled-Tuesday-Blitz-August-29-2023"]
[Site "Chess.com"]
[Date "2023.08.29"]
[Round "9"]
[White "Bala-Afiada"]
[Black "valemava"]
[Result "0-1"]
[WhiteElo "2000"]
[BlackElo "2295"]
[TimeControl "180+1"]
[EndTime "15:42:03 PDT"]
[Termination "valemava won by resignation"]

1. d4 c5 2. d5 d6 3. c4 b5 4. cxb5 a6 5. b6 Qxb6 6. Nc3 g6 7. Nf3 Bg7 8. Nd2 Nf6 9. Nc4 Qc7 10. e4 O-O 11. a4 Nbd7 12. a5 Rb8 13. Ra3 Rb4 14. Rb3 Qb8 15. Rxb4 cxb4 16. Na4 Nxe4 17. Nab6 Nxb6 18. Nxb6 Nc5 19. Be2 Qc7 20. O-O h5 21. Bxh5 gxh5 22. Qxh5 Ne4 23. Bh6 Bxh6 24. Qxh6 Bf5 25.
Rc1 Qb7 26. f3 Nf6 27. Qg5+ Bg6 28. h4 Nh7 29. Qg4 Kh8 30. h5 Nf6 31. Qg5 Bxh5 32. Qh6+ Kg8 33. Rc4 Bg6 34. Rh4 Nh7 35. Rg4 Kh8 36.
Rxg6 fxg6 37. Qxg6 Qc7 38. Qe6 Qc1+ 39. Kh2 Qf4+ 40.
Kg1 Qf6 41. Qd7 Rg8 42. Nc8 Qxf3 0-1